Map: Debris Field

Players

A.I. 1 (Harder)

  • Race: Zerg Zerg
  • Spawn Location: 5:00

larsgj - Winner!

  • Race: Terran Terran
  • Spawn Location: 7:00

VOD

Have the link to the VOD?

Description

Time

  • Played on: Aug. 30, 2022, 5:28 a.m.
  • Length: 31:39
Show
View Real Time Build Order
Export as new Build Order

A.I. 1 (Harder) Zerg 

Build Orders: 1 Base Baneling Bust, Pool First 

Get SALT Encoding   

  12  0:00  Drone  
  13  0:13  Overlord  
  13  0:18  Drone  
  14  0:31  Drone x2  
  14  0:34  Drone  
  17  0:47  Spawning Pool  
  17  0:48  Extractor  
  15  0:50  Drone  
  15  0:56  Drone  
  17  0:58  Extractor  
  16  1:06  Drone  
  17  1:17  Overlord  
  17  1:28  Drone  
  18  1:35  Queen  
  18  1:39  Drone  
  21  1:49  Drone  
  22  2:00  Overlord  
  22  2:12  Lair  
  22  2:18  Drone  
  23  2:30  Drone  
  24  2:43  Drone  
  25  2:55  Drone  
  26  3:08  Overlord, Drone  
  27  3:12  Spire  
  26  3:21  Drone  
  27  3:33  Drone  
  28  3:37  Drone  
  29  3:48  Roach Warren  
  28  3:49  Drone  
  29  4:01  Evolution Chamber  
  29  4:02  Drone  
  29  4:03  Overlord  
  29  4:14  Drone  
  30  4:24  Mutalisk  
  30  4:27  Drone, Mutalisk  
  30  4:30  Mutalisk  
  37  4:33  Baneling Nest, Mutalisk  
  37  4:36  Mutalisk  
  40  4:47  Drone  
  40  4:49  Mutalisk  
  40  4:50  Pneumatized Carapace  
  40  4:52  Mutalisk  
  45  4:59  Drone  
  46  6:13  Overlord, Corruptor  
  46  6:14  Zerg Flyer Weapons Level 1  
  46  6:15  Spore Crawler  
  46  6:17  Spore Crawler  
  46  6:19  Queen  
  46  6:20  Evolution Chamber  
  46  6:23  Mutalisk  
  49  6:31  Hatchery  
  48  6:38  Corruptor  
  50  6:40  Spine Crawler  
  50  6:43  Spine Crawler  
  50  6:44  Drone  
  49  7:19  Infestation Pit  
  48  7:43  Queen, Drone  
  51  7:44  Drone x3  
  51  7:45  Drone x3  
  51  7:46  Overlord, Drone x4  
  51  7:47  Drone x2  
  63  7:53  Drone  
  63  7:57  Drone  
  65  8:01  Extractor, Drone  
  65  8:04  Overlord, Drone x2  
  67  8:06  Spore Crawler  
  67  8:07  Extractor  
  67  8:09  Zerg Flyer Armor Level 1, Spore Crawler  
  67  8:12  Drone  
  65  8:13  Overseer  
  65  8:15  Drone  
  66  8:20  Hive  
  66  8:23  Drone  
  66  8:26  Drone x2, Overseer  
  66  8:27  Drone  
  70  8:28  Drone  
  71  8:35  Drone  
  71  8:36  Spine Crawler  
  71  8:38  Drone  
  72  8:45  Drone  
  72  8:46  Spine Crawler  
  72  8:47  Drone  
  73  8:55  Drone, Hydralisk Den  
  73  8:56  Overlord  
  73  8:59  Drone  
  74  9:32  Viper  
  77  10:17  Mutalisk, Viper  
  77  10:18  Overlord, Zerg Flyer Weapons Level 2  
  82  10:23  Mutalisk  
  84  10:30  Corruptor  
  78  10:36  Corruptor, Overseer  
  80  10:43  Hatchery, Mutalisk  
  80  10:49  Mutalisk  
  81  10:56  Mutalisk  
  85  11:02  Mutalisk  
  87  11:18  Ultralisk Cavern  
  86  11:56  Queen, Drone  
  86  11:57  Drone x3  
  86  11:58  Drone x4, Overlord  
  86  11:59  Drone x5  
  86  12:00  Drone  
  102  12:16  Overlord  
  102  12:17  Drone, Spore Crawler  
  102  12:20  Extractor  
  102  12:22  Drone  
  102  12:26  Drone, Spore Crawler  
  102  12:30  Extractor  
  102  12:31  Drone  
  102  12:33  Zerg Flyer Armor Level 2  
  102  12:34  Overseer  
  102  12:36  Overlord  
  102  12:49  Spine Crawler  
  102  12:50  Drone  
  102  12:52  Spine Crawler  
  102  12:54  Drone  
  102  13:51  Overlord, Overseer  
  102  14:00  Mutalisk  
  102  14:02  Burrow, Zerg Missile Weapons Level 1  
  104  14:04  Mutalisk  
  104  14:07  Mutalisk  
  108  14:10  Overlord  
  108  14:11  Mutalisk  
  108  14:15  Mutalisk  
  110  14:18  Mutalisk  
  110  14:22  Corruptor  
  108  14:26  Mutalisk  
  108  14:29  Mutalisk  
  108  14:33  Mutalisk  
  108  14:36  Mutalisk  
  112  14:40  Corruptor  
  112  14:43  Overlord  
  112  14:44  Corruptor  
  116  14:50  Zerg Flyer Weapons Level 3  
  116  14:59  Hatchery  
  115  15:01  Zerg Ground Armor Level 1  
  115  15:56  Zerg Melee Weapons Level 1  
  115  16:12  Queen, Drone  
  118  16:26  Extractor  
  118  16:28  Drone  
  118  16:32  Extractor, Drone  
  118  16:34  Spore Crawler  
  118  16:35  Drone  
  118  16:38  Spore Crawler  
  118  16:39  Drone  
  118  16:54  Zerg Missile Weapons Level 2  
  118  17:03  Drone, Spine Crawler  
  118  17:05  Spine Crawler  
  118  17:06  Drone  
  118  17:16  Overseer  
  118  17:24  Overlord  
  118  17:27  Zerg Flyer Armor Level 3  
  116  17:47  Viper x2  
  116  17:50  Zerg Ground Armor Level 2  
  112  18:50  Overlord, Overseer  
  112  19:10  Zerg Melee Weapons Level 2  
  112  20:05  Greater Spire  
  112  20:06  Zerg Missile Weapons Level 3  
  112  20:17  Hydralisk, Drone x2  
  112  20:18  Hydralisk x2, Roach, Zergling x2  
  112  20:19  Hydralisk x3, Overlord, Zergling x6  
  112  20:20  Roach, Zergling x4, Metabolic Boost  
  112  20:21  Roach x4, Glial Reconstitution  
  134  20:24  Viper  
  134  20:25  Hatchery, Viper  
  134  20:26  Drone  
  134  20:28  Drone, Queen  
  136  20:29  Drone x3  
  136  20:30  Drone x4, Mutalisk  
  136  20:34  Mutalisk  
  135  20:37  Overlord  
  135  20:39  Mutalisk  
  135  20:42  Drone  
  134  20:43  Drone x4  
  134  20:48  Corruptor  
  136  20:52  Mutalisk  
  136  20:56  Drone x2, Mutalisk, Overlord  
  136  20:57  Drone x2  
  133  21:00  Mutalisk  
  133  21:01  Viper  
  133  21:02  Viper  
  134  21:05  Mutalisk  
  134  21:09  Mutalisk  
  134  21:13  Mutalisk  
  134  21:14  Overlord, Drone  
  134  21:15  Drone x2  
  134  21:18  Corruptor  
  141  21:21  Drone  
  141  21:22  Corruptor  
  141  21:23  Brood Lord  
  141  21:24  Spire  
  141  21:25  Drone  
  142  21:26  Mutalisk  
  142  21:31  Corruptor, Brood Lord  
  148  21:34  Overlord  
  148  21:37  Drone, Corruptor, Brood Lord  
  148  21:38  Drone x3  
  148  21:39  Drone x2, Tunneling Claws, Adrenal Glands  
  157  21:40  Drone  
  157  21:52  Overlord  
  157  22:30  Spore Crawler  
  157  22:31  Drone  
  157  22:39  Extractor  
  157  22:40  Drone  
  157  22:41  Spore Crawler  
  157  22:42  Extractor, Drone  
  156  22:44  Drone  
  157  22:59  Queen, Drone  
  157  23:01  Queen  
  157  23:02  Hydralisk, Drone, Zergling x2, Queen  
  157  23:05  Overlord  
  160  23:07  Drone, Spine Crawler, Mutalisk  
  160  23:11  Mutalisk  
  160  23:12  Spine Crawler  
  151  23:14  Drone  
  151  23:15  Hydralisk, Drone  
  151  23:18  Drone  
  151  23:19  Mutalisk  
  132  23:21  Zergling x2  
  132  23:23  Overlord  
  132  23:25  Mutalisk  
  132  23:27  Hydralisk  
  124  23:29  Drone  
  124  23:31  Mutalisk  
  109  23:37  Overlord  
  109  23:39  Overlord x2  
  109  23:41  Lair  
  103  23:44  Spawning Pool  
  103  23:48  Evolution Chamber  
  99  23:57  Evolution Chamber  
  99  24:00  Overlord  
  96  24:19  Overlord  
  96  24:34  Roach Warren  
  96  24:37  Overlord, Drone  
  96  24:38  Drone x3, Overseer  
  98  24:41  Overseer  
  98  24:42  Drone  
  98  24:43  Spire  
  98  24:44  Drone  
  100  24:47  Infestation Pit  
  100  24:49  Drone  
  100  24:57  Overlord  
  96  25:11  Overseer  
  96  25:16  Overlord  
  96  25:24  Hive  
  96  25:38  Overseer  
  96  25:39  Overlord x2  
  96  25:41  Queen  
  96  25:43  Baneling Nest  
  96  25:48  Overseer  
  91  25:51  Drone  
  91  25:53  Drone x2  
  91  25:54  Drone x4, Mutalisk  
  91  25:55  Drone x4  
  91  25:56  Drone x6  
  91  25:57  Drone x6  
  85  25:58  Drone x4, Hydralisk Den  
  85  25:59  Drone x2, Mutalisk  
  85  26:00  Drone  
  93  26:05  Mutalisk  
  93  26:08  Drone  
  93  26:09  Roach, Zergling x4  
  93  26:10  Overseer  
  85  26:14  Mutalisk  
  85  26:15  Roach, Drone x2  
  85  26:17  Queen, Overlord  
  85  26:18  Drone x4  
  88  26:25  Mutalisk  
  79  26:28  Hydralisk  
  79  26:35  Zerg Melee Weapons Level 3  
  79  26:36  Hydralisk  
  72  26:40  Roach  
  72  26:41  Spore Crawler  
  72  26:43  Roach, Drone x2  
  72  26:44  Overseer  
  72  26:47  Drone  
  77  26:48  Drone  
  77  26:51  Drone  
  74  26:54  Lair  
  66  27:01  Mutalisk  
  64  27:11  Mutalisk  
  64  27:12  Zergling x4  
  64  27:13  Hydralisk  
  67  27:18  Hatchery  
  60  27:23  Corruptor  
  62  27:34  Hydralisk  
  61  27:40  Overlord, Mutalisk  
  61  27:41  Drone  
  64  27:46  Zergling x2  
  59  27:53  Overseer  
  59  27:54  Hive  
  59  27:56  Hydralisk  
  61  28:02  Overseer  
  49  28:07  Mutalisk  
  49  28:09  Drone  
  49  28:10  Drone x2  
  54  28:20  Drone  
  55  28:30  Drone  
  56  28:37  Mutalisk  
  56  28:38  Drone  
  59  28:41  Mutalisk  
  59  28:46  Mutalisk  
  63  28:52  Corruptor  
  65  29:02  Overseer  
  61  29:03  Overlord, Spore Crawler  
  61  29:06  Hydralisk, Roach x2  
  54  29:15  Zergling x2  
  41  29:26  Drone  
  41  29:29  Spire  
  29  29:35  Roach, Drone  
  29  29:37  Drone  
Show
View Real Time Build Order
Export as new Build Order

larsgj Terran - Winner!

Build Orders:  

Get SALT Encoding   

  12  0:00  SCV  
  13  0:12  SCV  
  14  0:19  Supply Depot  
  14  0:42  Barracks  
  14  0:55  Engineering Bay  
  14  1:00  SCV  
  15  1:12  SCV  
  16  1:24  SCV  
  17  1:36  Refinery  
  17  1:37  SCV  
  17  1:38  Refinery  
  18  1:44  Marine  
  19  1:49  SCV  
  19  1:51  Supply Depot  
  20  2:02  Marine  
  21  2:19  Marine  
  22  2:24  Factory  
  22  2:28  SCV  
  23  2:37  Marine  
  23  2:40  SCV  
  25  2:53  SCV  
  25  2:54  Missile Turret  
  25  2:55  Marine  
  27  3:05  SCV  
  28  3:15  Missile Turret  
  28  3:17  SCV  
  29  3:24  Starport  
  29  3:36  Missile Turret  
  29  3:37  Supply Depot  
  29  3:55  Armory  
  29  4:02  Missile Turret  
  29  4:06  Starport Tech Lab  
  29  4:15  Fusion Core  
  29  4:23  Missile Turret  
  29  4:35  Hi-Sec Auto Tracking  
  29  4:46  Missile Turret  
  29  5:05  Battlecruiser  
  35  5:13  Starport  
  35  5:20  Missile Turret  
  35  5:42  Missile Turret, Terran Vehicle Weapons Level 1  
  35  5:54  Orbital Command  
  35  6:03  Missile Turret  
  35  6:16  Medivac  
  37  6:26  Missile Turret  
  37  6:30  Supply Depot  
  37  6:39  Supply Depot  
  37  6:47  Missile Turret  
  37  6:53  Supply Depot  
  37  6:56  Marine  
  38  7:07  SCV  
  38  7:08  Missile Turret  
  39  7:14  Marine  
  40  7:16  Supply Depot  
  40  7:20  SCV  
  41  7:31  Marine  
  41  7:32  SCV  
  41  7:36  Terran Vehicle And Ship Armor Level 1  
  43  7:45  Battlecruiser  
  43  7:49  Marine, Starport Tech Lab  
  50  8:07  Marine  
  51  8:38  Missile Turret  
  51  8:40  Missile Turret  
  51  8:45  Command Center  
  51  8:52  Missile Turret  
  51  9:01  Refinery  
  51  9:05  Refinery  
  51  9:21  Battlecruiser  
  57  9:30  Weapon Refit  
  57  9:31  Terran Ship Weapons Level 1  
  57  10:40  Battlecruiser  
  63  10:54  Orbital Command  
  63  11:11  Missile Turret  
  63  11:24  Terran Vehicle And Ship Armor Level 2  
  63  11:32  Missile Turret  
  63  11:46  Battlecruiser  
  69  11:52  Battlecruiser  
  69  11:53  Missile Turret  
  75  12:28  Starport  
  75  12:50  Battlecruiser  
  81  13:02  Battlecruiser  
  87  13:05  Neosteel Armor  
  87  13:07  Starport Tech Lab  
  87  13:36  Battlecruiser  
  87  13:40  Terran Ship Weapons Level 2  
  90  14:58  Battlecruiser  
  102  15:00  Battlecruiser  
  102  15:12  Supply Depot  
  102  15:35  Supply Depot  
  102  15:58  Supply Depot  
  102  16:17  Terran Vehicle And Ship Armor Level 3  
  102  16:20  Supply Depot  
  102  17:00  Battlecruiser x2  
  114  17:12  Missile Turret  
  114  17:27  Command Center, Refinery  
  114  17:30  Refinery  
  114  17:31  Missile Turret  
  114  17:32  Missile Turret  
  114  17:36  Missile Turret  
  114  17:48  Missile Turret  
  112  17:52  Missile Turret  
  112  17:56  Missile Turret  
  112  18:07  Missile Turret  
  112  18:11  Missile Turret  
  112  18:15  Missile Turret  
  112  18:55  Terran Ship Weapons Level 3  
  112  19:06  Orbital Command  
  112  19:19  Battlecruiser  
  112  19:20  Battlecruiser  
  124  22:06  Battlecruiser  
  124  22:08  Battlecruiser  
  136  22:09  Battlecruiser  
  136  23:45  Battlecruiser x2  
  148  24:46  Battlecruiser  
  154  28:29  Refinery  
Tags
 
Add a new tag
Caveats
  • Supply blocks, unpowered buildings, or Contaminate may cause inaccurate times.
  • Supply counts are checked every 10 seconds.